Map: Acropolis LE

Players

goblin - Winner!

  • Race: Protoss Protoss
  • Spawn Location: 5:00

Elazer

  • Race: Zerg Zerg
  • League: Master
  • Spawn Location: 11:00

Event: NationWars 2019

VOD

Have the link to the VOD?

Description

Time

  • Played on: Nov. 17, 2019, 1:49 p.m.
  • Length: 14:45

All games in this series

Show
View Real Time Build Order
Export as new Build Order

goblin Protoss - Winner!

Build Orders: Mass Phoenix 

Get SALT Encoding   

  12  0:01  Probe  
  13  0:13  Probe  
  14  0:18  Pylon  
  14  0:25  Probe (Chrono Boost)  
  15  0:37  Probe (Chrono Boost)  
  15  0:40  Gateway  
  16  0:46  Probe (Chrono Boost)  
  16  0:49  Assimilator  
  17  0:52  Probe  
  18  1:04  Probe  
  19  1:21  Probe  
  20  1:28  Cybernetics Core, Zealot  
  22  1:35  Pylon  
  22  1:39  Gateway  
  22  1:52  Cybernetics Core  
  22  1:58  Nexus  
  22  2:04  Adept (Chrono Boost)  
  24  2:20  Pylon  
  24  2:23  Gateway  
  24  2:28  Pylon  
  24  2:30  Probe (Chrono Boost)  
  24  2:32  Assimilator  
  24  2:34  Warp Gate  
  25  2:39  Probe (Chrono Boost)  
  25  2:42  Stalker  
  28  2:44  Probe (Chrono Boost)  
  29  2:58  Probe  
  30  3:11  Probe x2 (Chrono Boost)  
  32  3:17  Stargate  
  34  3:20  Probe x2 (Chrono Boost)  
  34  3:25  Probe x2 (Chrono Boost)  
  36  3:37  Probe x2  
  38  3:49  Probe x2  
  40  4:01  Phoenix (Chrono Boost), Probe  
  40  4:02  Probe  
  44  4:05  Stargate  
  44  4:14  Probe (Chrono Boost)  
  44  4:16  Probe (Chrono Boost), Assimilator  
  44  4:17  Assimilator  
  46  4:23  Phoenix (Chrono Boost), Pylon  
  48  4:26  Probe (Chrono Boost)  
  48  4:29  Probe (Chrono Boost)  
  50  4:31  Probe (Chrono Boost)  
  50  4:34  Zealot  
  50  4:35  Adept  
  50  4:37  Probe  
  56  4:41  Probe  
  56  4:45  Phoenix  
  59  4:49  Probe  
  59  4:52  Pylon  
  60  4:54  Phoenix  
  62  5:02  Nexus  
  62  5:03  Pylon  
  62  5:05  Probe x2  
  64  5:10  Phoenix (Chrono Boost)  
  66  5:16  Pylon  
  66  5:17  Probe  
  66  5:19  Phoenix (Chrono Boost)  
  69  5:33  Phoenix (Chrono Boost)  
  71  5:36  Probe x2  
  71  5:39  Protoss Air Weapons Level 1  
  71  5:40  Phoenix (Chrono Boost)  
  75  5:48  Probe  
  76  5:50  Phoenix  
  76  5:54  Probe  
  76  5:56  Robotics Facility  
  79  5:57  Pylon  
  79  6:00  Probe  
  80  6:06  Probe  
  80  6:08  Assimilator  
  80  6:10  Assimilator  
  80  6:11  Pylon  
  81  6:13  Phoenix  
  81  6:14  Probe (Chrono Boost)  
  81  6:16  Robotics Facility  
  81  6:17  Probe (Chrono Boost)  
  85  6:20  Pylon  
  85  6:24  Pylon  
  85  6:25  Probe (Chrono Boost)  
  87  6:28  Probe (Chrono Boost)  
  87  6:29  Phoenix, Probe (Chrono Boost)  
  87  6:32  Probe x2 (Chrono Boost)  
  91  6:36  Probe  
  93  6:41  Immortal (Chrono Boost)  
  93  6:43  Probe  
  93  6:44  Probe  
  99  6:48  Robotics Bay  
  99  6:53  Probe  
  100  6:54  Phoenix  
  100  6:55  Probe  
  100  6:56  Probe  
  104  7:10  Immortal (Chrono Boost)  
  112  7:16  Immortal (Chrono Boost)  
  112  7:21  Gateway, Twilight Council  
  112  7:22  Gateway  
  112  7:26  Pylon  
  112  7:32  Probe  
  112  7:33  Probe  
  114  7:41  Extended Thermal Lance  
  118  7:45  Colossus (Chrono Boost)  
  122  7:58  Charge  
  122  8:01  Gateway  
  122  8:03  Colossus (Chrono Boost)  
  122  8:06  Gateway  
  122  8:08  Gateway  
  122  8:09  Gateway  
  122  8:11  Pylon, Gateway  
  122  8:13  Gateway  
  122  8:15  Forge  
  122  8:19  Stalker, Sentry  
  132  8:27  Colossus (Chrono Boost)  
  132  8:41  Nexus, Observer (Chrono Boost)  
  132  8:42  Pylon  
  133  8:56  Protoss Ground Weapons Level 1 (Chrono Boost), Stalker x2, Zealot  
  133  8:57  Zealot  
  133  9:01  Colossus (Chrono Boost)  
  147  9:06  Photon Cannon  
  147  9:09  Colossus (Chrono Boost)  
  153  9:10  Photon Cannon  
  153  9:21  Zealot  
  153  9:29  Blink  
  153  9:30  Stalker x2, Sentry  
  159  9:36  Zealot x3  
  165  9:41  Pylon, Warp Prism (Chrono Boost)  
  165  9:44  Pylon  
  137  9:53  Observer  
  137  9:56  Zealot  
  137  9:57  Zealot x6  
  141  10:02  Zealot x3  
  141  10:06  Observer  
  129  10:20  Templar Archives  
  127  10:24  Zealot x7  
  140  10:36  Zealot  
  140  10:37  Zealot x2  
  146  10:54  Protoss Ground Weapons Level 2 (Chrono Boost), Nexus  
  146  10:57  High Templar x2  
  146  10:58  High Templar x4  
  146  11:01  Zealot  
  146  11:03  Archon x3  
  160  11:06  Zealot  
  160  11:07  Zealot x2  
  156  11:31  Zealot x2  
  156  11:32  Psionic Storm, Zealot x4  
  134  11:33  High Templar  
  134  11:34  Warp Prism (Chrono Boost)  
  134  11:46  High Templar x3  
  140  11:59  Photon Cannon, Immortal (Chrono Boost)  
  140  12:02  Photon Cannon  
  140  12:06  High Templar x2  
  140  12:07  Immortal (Chrono Boost)  
  152  12:11  Archon  
  152  12:17  Assimilator  
  152  12:18  Probe x2  
  152  12:21  Assimilator  
  154  12:24  Warp Prism  
  154  12:26  High Templar x2  
  153  12:31  Archon  
  153  12:36  High Templar x2, Zealot x3  
  153  12:37  Zealot  
  167  12:40  Archon  
  167  12:44  Stalker  
  167  12:45  Stalker  
  171  12:58  Observer  
  171  13:06  Stalker x4  
  171  13:07  Stalker x2  
  171  13:11  Stalker x4  
  189  13:31  Zealot x3  
  195  13:35  Pylon  
  169  14:05  Stalker  
  169  14:06  Stalker x7  
  148  14:19  Stalker x2  
  160  14:25  Probe x2  
  156  14:36  Nexus  
Show
View Real Time Build Order
Export as new Build Order

Elazer Zerg 

Build Orders: Pool First 

Get SALT Encoding   

  12  0:17  Spawning Pool  
  11  0:22  Drone  
  11  0:26  Drone  
  13  0:31  Drone  
  14  0:40  Overlord  
  14  1:03  Zergling x4  
  16  1:05  Zergling x2  
  17  1:13  Hatchery  
  17  1:18  Zergling x2  
  17  1:29  Queen  
  19  1:33  Drone  
  19  1:36  Extractor  
  19  1:39  Drone  
  20  1:50  Overlord  
  20  2:00  Drone  
  21  2:08  Queen  
  23  2:10  Drone  
  24  2:22  Drone  
  25  2:31  Queen  
  25  2:33  Drone x2  
  29  2:43  Metabolic Boost  
  29  2:48  Drone x2  
  31  2:51  Drone  
  31  2:57  Overlord  
  32  3:01  Drone  
  32  3:02  Drone  
  32  3:05  Drone  
  35  3:12  Drone  
  36  3:17  Drone x3  
  36  3:18  Drone  
  40  3:21  Drone  
  40  3:24  Drone  
  42  3:29  Overlord  
  42  3:31  Drone x2  
  44  3:48  Hatchery  
  42  3:51  Drone x5  
  47  3:56  Overlord  
  47  3:57  Drone x2  
  47  4:02  Drone x2  
  51  4:08  Lair  
  51  4:11  Roach Warren  
  51  4:13  Extractor  
  51  4:16  Drone x3  
  52  4:18  Drone  
  52  4:23  Overlord  
  53  4:24  Drone x2  
  53  4:28  Extractor, Overlord  
  54  4:32  Drone x2  
  54  4:35  Overlord  
  56  4:43  Overlord  
  56  4:47  Queen  
  56  4:51  Roach x4  
  66  4:57  Roach x2  
  70  5:05  Overseer  
  70  5:06  Overlord  
  74  5:07  Roach x2  
  74  5:12  Overlord  
  74  5:14  Extractor  
  73  5:18  Overlord  
  73  5:22  Queen  
  73  5:23  Overlord  
  73  5:25  Drone x4  
  79  5:32  Spore Crawler  
  79  5:36  Drone x6  
  79  5:37  Spore Crawler  
  79  5:39  Drone x2  
  79  5:41  Drone x2  
  88  5:45  Spore Crawler  
  87  5:50  Queen  
  87  5:53  Spore Crawler, Drone x2  
  90  5:59  Spore Crawler, Overlord  
  90  6:00  Drone x3  
  92  6:07  Extractor  
  92  6:08  Drone x4, Hydralisk Den  
  92  6:10  Drone  
  95  6:13  Overlord  
  95  6:15  Drone x2, Extractor  
  95  6:18  Drone x2  
  98  6:24  Overlord  
  98  6:26  Drone  
  98  6:32  Overlord  
  99  6:33  Drone x4  
  99  6:37  Muscular Augments, Drone  
  97  6:41  Extractor  
  97  6:43  Drone  
  97  6:45  Evolution Chamber  
  97  6:46  Drone x5  
  101  6:51  Spore Crawler  
  101  6:53  Hydralisk  
  100  6:56  Hydralisk x2  
  105  7:05  Drone x3  
  105  7:08  Hatchery  
  104  7:09  Drone x3  
  104  7:14  Zerg Missile Weapons Level 1, Hydralisk x3  
  113  7:21  Overlord  
  113  7:27  Hydralisk  
  113  7:28  Hydralisk x2  
  119  7:32  Overlord  
  119  7:33  Hydralisk  
  119  7:36  Overlord  
  119  7:38  Hydralisk, Overlord  
  119  7:43  Overlord  
  118  7:45  Drone x2  
  118  7:49  Drone x3, Baneling Nest  
  122  7:54  Grooved Spines  
  122  7:55  Drone x2  
  124  7:59  Drone x3  
  124  8:01  Hydralisk  
  124  8:05  Overlord  
  129  8:06  Hydralisk x3  
  129  8:09  Drone  
  136  8:13  Drone x3  
  136  8:16  Overlord  
  136  8:17  Drone  
  140  8:21  Overlord  
  140  8:22  Drone  
  140  8:25  Extractor  
  139  8:27  Hydralisk x4  
  147  8:34  Zergling x6  
  147  8:40  Centrifical Hooks  
  147  8:41  Zergling x12  
  155  8:46  Zergling x4  
  155  8:47  Zergling x4  
  155  8:52  Overlord  
  153  8:55  Hydralisk  
  153  8:56  Hydralisk x4  
  163  9:03  Zergling x10  
  163  9:06  Baneling x6  
  163  9:07  Hatchery  
  163  9:08  Zerg Melee Weapons Level 1  
  163  9:09  Zergling x6  
  170  9:13  Zergling x8  
  174  9:21  Zergling x10  
  174  9:23  Baneling x10  
  178  9:28  Zergling x2  
  178  9:29  Zergling x8  
  183  9:32  Baneling x8  
  183  9:35  Zergling x6  
  186  9:43  Zergling x16  
  179  9:50  Zergling x10  
  166  9:53  Overseer  
  166  9:57  Hydralisk  
  166  9:58  Hydralisk x3  
  165  10:03  Hydralisk x3  
  148  10:08  Hydralisk x2  
  148  10:11  Zergling x8  
  144  10:16  Hydralisk x2  
  144  10:18  Drone x3  
  146  10:24  Spire  
  145  10:31  Baneling x13  
  145  10:35  Baneling x11  
  145  10:36  Baneling  
  145  10:40  Hydralisk x2  
  149  10:48  Hydralisk x4  
  157  10:55  Hydralisk x4  
  165  10:58  Zergling x6  
  165  11:03  Zergling x10  
  170  11:14  Zergling x12  
  175  11:21  Zergling x8  
  154  11:27  Zergling x4  
  154  11:28  Zergling x4  
  138  11:36  Corruptor  
  138  11:37  Corruptor x3  
  138  11:39  Queen x2  
  144  11:40  Corruptor  
  144  11:45  Corruptor x2  
  150  11:47  Baneling x7  
  150  11:51  Zerg Melee Weapons Level 2  
  149  12:01  Baneling x8, Corruptor x2  
  149  12:07  Infestation Pit  
  152  12:16  Corruptor x2  
  152  12:19  Hatchery, Corruptor  
  157  12:24  Corruptor x2  
  157  12:39  Drone  
  157  12:41  Extractor  
  157  12:44  Hive  
  157  12:45  Corruptor x2  
  157  12:48  Zergling x18  
  170  12:55  Hydralisk  
  170  12:58  Baneling x16  
  172  13:03  Zergling x8  
  174  13:09  Hydralisk x3  
  174  13:12  Hydralisk  
  182  13:17  Hydralisk  
  182  13:18  Hydralisk  
  182  13:19  Overlord  
  184  13:21  Baneling x5  
  184  13:22  Baneling  
  184  13:31  Zergling x2  
  184  13:32  Zergling x6  
  189  13:37  Hydralisk  
  189  13:38  Zergling x16  
  196  13:49  Spine Crawler  
  196  13:50  Spine Crawler  
  196  13:51  Zergling x8  
  169  14:03  Hydralisk x2  
  169  14:04  Hydralisk x4  
  169  14:06  Zergling x6  
  122  14:20  Hydralisk x5  
  122  14:22  Zergling x2  
  122  14:23  Zergling x2  
  110  14:27  Zergling x4  
Tags
 
Composition
Mass Phoenix
League
Master
Matchup
PvZ
Opening
Pool First
Spawn Locations
Cross Positions
Add a new tag
Caveats
  • Supply blocks, unpowered buildings, or Contaminate may cause inaccurate times.
  • Supply counts are checked every 10 seconds.